Map: Deathaura LE

Players

Kelazhur

  • Race: Terran Terran
  • League: Master
  • Spawn Location: 5:00

SpeCial - Winner!

  • Race: Terran Terran
  • Spawn Location: 11:00

Event: DreamHack SC2 Masters 2020 Summer Latin America

VOD

Have the link to the VOD?

Description

Time

  • Played on: June 27, 2020, 4:42 p.m.
  • Length: 20:22

All games in this series

Show
View Real Time Build Order
Export as new Build Order

Kelazhur Terran 

Build Orders: Mech 

Get SALT Encoding   

  12  0:00  SCV  
  13  0:12  SCV  
  14  0:17  Supply Depot  
  14  0:25  SCV  
  15  0:38  SCV  
  15  0:40  Barracks  
  16  0:43  Refinery  
  16  0:50  SCV  
  16  0:53  Refinery  
  17  1:02  SCV  
  18  1:14  SCV  
  19  1:27  Reaper, Orbital Command  
  19  1:29  Supply Depot  
  20  1:41  Factory  
  20  1:53  SCV  
  21  2:00  Reaper  
  22  2:05  SCV  
  23  2:18  SCV  
  24  2:25  Hellion  
  24  2:27  Command Center  
  26  2:30  SCV  
  26  2:34  Supply Depot  
  26  2:36  Barracks Reactor  
  27  2:42  SCV  
  28  2:48  Starport  
  28  2:53  Factory Tech Lab  
  28  2:54  SCV  
  29  3:06  SCV  
  29  3:12  Cyclone, Marine x2  
  35  3:18  SCV  
  36  3:22  Refinery  
  36  3:30  SCV, Marine x2  
  37  3:34  Starport Tech Lab  
  36  3:42  SCV  
  37  3:48  Cyclone  
  37  3:49  Orbital Command  
  37  3:51  Marine  
  37  3:53  Marine  
  37  3:54  SCV  
  43  4:01  Raven  
  45  4:06  SCV  
  46  4:10  Supply Depot  
  46  4:11  Marine  
  46  4:14  SCV  
  48  4:19  SCV  
  48  4:20  Cyclone  
  52  4:24  Mag-Field Accelerator  
  52  4:28  SCV  
  53  4:32  Marine x2  
  53  4:34  Supply Depot  
  53  4:37  SCV  
  56  4:46  Cloaking Field, Banshee  
  56  4:48  SCV  
  61  4:52  SCV  
  61  4:53  Marine  
  61  4:55  Marine  
  63  5:01  SCV, Supply Depot  
  63  5:05  SCV  
  63  5:06  Cyclone  
  68  5:13  SCV  
  69  5:17  SCV  
  69  5:26  Command Center  
  69  5:29  SCV x2  
  69  5:31  Supply Depot  
  69  5:34  Banshee  
  74  5:41  SCV  
  74  5:42  Marine x2  
  76  5:47  Supply Depot  
  77  5:51  SCV  
  77  5:52  Cyclone  
  77  5:53  SCV  
  82  6:00  Factory x2  
  82  6:05  SCV  
  83  6:17  SCV  
  74  6:20  SCV  
  74  6:24  Siege Tank  
  78  6:25  Marine x2  
  78  6:29  SCV  
  78  6:32  SCV  
  82  6:35  Refinery  
  82  6:36  Engineering Bay  
  82  6:37  Supply Depot  
  82  6:39  SCV  
  83  6:42  SCV  
  84  6:53  Orbital Command  
  81  6:54  SCV x2  
  81  6:55  Command Center  
  81  6:58  Starport Tech Lab  
  81  6:59  Cyclone, Refinery  
  83  7:01  Cyclone  
  83  7:07  SCV x2, Refinery  
  88  7:10  Hellion x2  
  92  7:19  SCV  
  92  7:20  SCV x2  
  95  7:25  Banshee  
  95  7:29  Armory  
  98  7:30  Supply Depot  
  98  7:31  SCV  
  98  7:32  SCV x2  
  101  7:39  Cyclone x2  
  101  7:43  SCV  
  97  7:44  SCV x2  
  95  7:55  SCV  
  95  7:56  SCV  
  90  7:59  SCV  
  90  8:07  SCV  
  90  8:08  Viking  
  90  8:09  SCV  
  90  8:10  Hellion x2  
  90  8:11  SCV  
  99  8:15  Cyclone  
  99  8:22  Cyclone  
  99  8:23  SCV x3  
  105  8:34  Hellion x2  
  109  8:35  SCV x3  
  112  8:42  Supply Depot  
  112  8:47  SCV x3  
  115  8:51  Factory  
  115  8:52  Factory  
  115  8:54  Starport Reactor, Cyclone  
  118  8:59  SCV  
  118  9:01  SCV  
  120  9:11  Refinery  
  120  9:12  Refinery  
  120  9:13  Supply Depot, Cyclone, Hellion x2  
  120  9:15  SCV, Infernal Pre-Igniter  
  125  9:17  Terran Vehicle Weapons Level 1  
  125  9:19  Supply Depot  
  125  9:23  SCV  
  126  9:35  SCV  
  127  9:40  Cyclone x2  
  127  9:42  Factory Tech Lab  
  130  9:45  Viking x2  
  130  9:47  Factory Reactor  
  130  9:48  Cyclone  
  130  9:52  SCV, Supply Depot, Planetary Fortress  
  136  9:58  Hellion  
  136  9:59  Hellion  
  140  10:05  SCV x3, Sensor Tower  
  143  10:12  Cyclone  
  143  10:13  Cyclone  
  142  10:17  SCV x2  
  142  10:18  SCV  
  142  10:23  Cyclone  
  139  10:29  SCV x2, Hellion x4  
  139  10:30  SCV  
  132  10:41  SCV  
  132  10:42  SCV  
  134  10:44  SCV  
  134  10:45  Cyclone, Command Center  
  134  10:47  Cyclone  
  134  10:49  Liberator  
  144  10:50  Liberator  
  144  10:54  SCV x2  
  144  10:56  Hellion x2  
  153  10:57  Hellion  
  153  11:02  Hellion x2  
  159  11:07  Supply Depot  
  159  11:17  Cyclone  
  160  11:31  SCV x3  
  160  11:32  Viking  
  165  11:33  Viking  
  165  11:38  Hellion x2  
  171  11:41  Terran Vehicle Weapons Level 2  
  171  11:43  SCV  
  178  11:47  Cyclone x2  
  178  11:51  Hellion  
  180  11:57  Hellion  
  180  11:59  Supply Depot x2  
  166  12:09  Cyclone  
  139  12:17  Hellion x2  
  139  12:19  Cyclone, Liberator x2  
  152  12:23  Factory  
  152  12:24  Factory  
  152  12:25  SCV x3  
  152  12:26  Factory  
  152  12:28  Command Center  
  155  12:37  SCV  
  155  12:38  Cyclone  
  155  12:39  Hellion x4  
  161  12:45  Cyclone  
  161  12:51  Cyclone  
  153  13:00  Hellion  
  153  13:01  Liberator  
  153  13:02  Liberator  
  153  13:05  Hellion x2  
  153  13:06  SCV x2  
  153  13:09  SCV  
  153  13:10  Cyclone  
  156  13:13  Factory Tech Lab x2  
  156  13:14  Factory Reactor  
  156  13:17  Cyclone  
  156  13:18  SCV x2  
  161  13:23  Cyclone  
  161  13:25  Hellion x2  
  161  13:26  SCV  
  160  13:30  Hellion x2  
  160  13:31  Siege Tank x2  
  160  13:33  SCV  
  167  13:42  Cyclone  
  170  13:49  Siege Tank  
  170  13:55  Hellion x3  
  153  13:56  Hellion x3  
  153  13:57  Siege Tank  
  153  13:58  Missile Turret  
  160  14:03  Siege Tank  
  160  14:09  Viking x2  
  163  14:15  Cyclone x2  
  164  14:22  Orbital Command  
  159  14:27  Cyclone  
  159  14:28  Hellion x3  
  159  14:29  Hellion x2, Cyclone  
  175  14:33  Planetary Fortress  
  178  14:42  Terran Vehicle Weapons Level 3  
  172  14:56  Cyclone x2  
  170  15:00  Cyclone  
  170  15:02  Hellion x3  
  170  15:04  Hellion  
  172  15:08  Viking x2  
  172  15:11  Cyclone  
  156  15:24  Hellion  
  155  15:28  Siege Tank  
  155  15:38  Cyclone x2  
  155  15:39  Hellion x3  
  155  15:41  Hellion  
  155  15:43  Cyclone  
  155  16:01  Cyclone  
  155  16:02  Cyclone  
  161  16:10  Cyclone  
  164  16:11  Cyclone  
  164  16:15  Cyclone  
  170  16:20  Hellion x2  
  170  16:21  Hellion x3  
  178  16:28  Orbital Command  
  176  16:34  Cyclone x2  
  176  16:36  Hellion  
  184  16:42  Cyclone, Command Center  
  187  16:51  Cyclone  
  187  16:53  Cyclone  
  175  17:02  Hellion  
  175  17:03  Hellion x2  
  175  17:04  Viking x2  
  175  17:06  Cyclone x2  
  185  17:09  Refinery  
  185  17:10  Refinery  
  185  17:14  Cyclone  
  186  17:38  Cyclone, Sensor Tower  
  186  17:39  Cyclone  
  188  17:47  Hellion  
  188  17:54  Hellion x2, Cyclone x2  
  198  17:58  Liberator  
  198  18:00  Liberator  
  191  18:14  Command Center x2  
  191  18:17  Siege Tank x3  
  163  18:37  Siege Tank x2  
  164  18:46  Viking  
  164  18:47  Viking  
  161  19:14  Cyclone x4  
  170  19:19  Hellion  
  170  19:22  Supply Depot  
  170  19:23  Supply Depot, Hellion  
  170  19:24  Supply Depot  
  173  19:25  Supply Depot  
  173  19:26  Hellion  
  149  19:38  Cyclone  
  149  19:39  Hellion  
  141  20:06  Starport  
Show
View Real Time Build Order
Export as new Build Order

SpeCial Terran - Winner!

Build Orders:  

Get SALT Encoding   

  12  0:01  SCV  
  13  0:13  SCV  
  14  0:17  Supply Depot  
  14  0:25  SCV  
  14  0:27  Refinery  
  15  0:38  SCV  
  16  0:44  Barracks  
  16  0:50  SCV  
  16  0:53  Refinery  
  17  1:02  SCV  
  18  1:15  SCV  
  19  1:32  Reaper, Orbital Command  
  20  1:35  Factory  
  20  1:43  Supply Depot  
  20  1:58  SCV  
  21  2:04  Reaper  
  22  2:10  SCV  
  22  2:19  Hellion  
  22  2:22  SCV  
  25  2:30  Command Center  
  25  2:36  SCV  
  26  2:38  Reaper  
  26  2:40  Hellion  
  29  2:46  Supply Depot  
  29  2:49  SCV  
  30  2:58  Starport  
  30  3:02  SCV  
  30  3:04  Factory Tech Lab  
  31  3:12  Barracks Tech Lab  
  31  3:14  SCV  
  32  3:24  Cyclone  
  32  3:26  SCV  
  36  3:38  SCV  
  37  3:43  Orbital Command  
  37  3:49  Raven  
  37  3:50  Refinery  
  37  3:51  SCV  
  40  4:03  SCV  
  40  4:07  Cyclone, Refinery  
  40  4:09  SCV  
  45  4:15  SCV  
  45  4:16  Barracks Reactor  
  46  4:21  SCV  
  47  4:25  Supply Depot  
  47  4:27  SCV  
  47  4:30  Starport  
  48  4:33  SCV  
  49  4:39  SCV  
  50  4:45  SCV  
  50  4:48  Raven  
  50  4:51  SCV  
  50  4:52  Supply Depot  
  54  4:57  SCV  
  54  4:59  Hellion x2  
  59  5:03  SCV  
  60  5:07  Starport Tech Lab  
  60  5:09  Command Center  
  60  5:10  SCV  
  61  5:15  SCV  
  61  5:20  Hellion x2  
  66  5:22  SCV, Supply Depot  
  66  5:27  SCV  
  68  5:29  Raven  
  70  5:43  Raven  
  70  5:44  SCV x2, Hellion  
  70  5:45  Hellion  
  70  5:46  Supply Depot  
  78  6:05  SCV  
  78  6:07  SCV, Hellion x2  
  83  6:17  SCV  
  71  6:19  SCV  
  63  6:26  Raven x2  
  63  6:29  SCV, Hellion x2  
  63  6:31  SCV  
  73  6:41  SCV  
  73  6:43  SCV  
  73  6:47  Command Center  
  73  6:53  SCV  
  74  6:56  SCV  
  74  7:01  Hellion x2  
  79  7:05  SCV  
  79  7:06  Factory  
  79  7:07  Factory  
  79  7:08  SCV  
  81  7:09  Supply Depot x2  
  81  7:17  SCV  
  81  7:20  SCV  
  81  7:22  Hellion  
  85  7:29  SCV  
  86  7:30  Hellion, Command Center  
  86  7:32  SCV, Supply Depot x2  
  89  7:41  SCV  
  84  7:44  SCV  
  84  7:50  Hellion  
  80  7:52  Hellion  
  80  7:54  SCV  
  80  7:56  SCV  
  81  7:59  Orbital Command  
  81  8:01  Siege Tank  
  81  8:02  Viking x2  
  84  8:06  SCV  
  84  8:08  SCV  
  86  8:18  SCV  
  85  8:20  SCV  
  85  8:24  Hellion x2, Siege Tank  
  85  8:26  SCV  
  90  8:30  SCV  
  90  8:32  SCV, Mag-Field Accelerator  
  92  8:37  Refinery  
  92  8:38  SCV, Engineering Bay, Refinery  
  93  8:42  SCV  
  93  8:44  SCV, Orbital Command  
  93  8:45  Hellion x2, Siege Tank  
  93  8:46  Factory, Barracks Tech Lab  
  93  8:47  Starport Reactor  
  102  8:48  Factory  
  102  8:50  SCV  
  102  8:54  SCV  
  98  8:56  Siege Tank  
  98  8:57  SCV  
  98  9:02  SCV  
  103  9:05  Refinery  
  103  9:06  SCV, Refinery  
  103  9:07  Hellion x2  
  103  9:08  Missile Turret  
  103  9:09  SCV, Missile Turret  
  108  9:10  SCV, Missile Turret  
  108  9:13  Sensor Tower  
  108  9:14  SCV  
  108  9:15  Sensor Tower  
  109  9:18  SCV  
  109  9:21  SCV  
  112  9:26  SCV  
  112  9:28  Orbital Command  
  112  9:30  SCV  
  111  9:33  SCV, Hellion x2  
  111  9:35  Siege Tank x2  
  119  9:38  SCV  
  119  9:41  Factory Tech Lab  
  119  9:43  SCV  
  119  9:45  SCV  
  121  9:51  Liberator x2  
  126  9:56  Hellion x2  
  126  9:57  Cyclone, Orbital Command  
  130  10:02  SCV x2  
  132  10:07  Cyclone  
  132  10:10  SCV  
  139  10:14  Siege Tank x2  
  139  10:16  SCV  
  139  10:17  Hellion x2  
  137  10:25  SCV x2  
  122  10:29  SCV x2  
  122  10:30  Siege Tank  
  122  10:32  Refinery  
  122  10:33  Refinery  
  127  10:37  SCV  
  127  10:39  Hellion x2  
  127  10:40  SCV  
  127  10:41  SCV  
  127  10:42  SCV  
  133  10:45  Cyclone  
  133  10:46  Cyclone x2  
  133  10:49  SCV, Factory  
  143  10:52  SCV, Factory, Sensor Tower  
  143  10:54  SCV  
  143  10:56  SCV  
  146  11:00  Infernal Pre-Igniter  
  146  11:01  Hellion  
  148  11:05  Supply Depot  
  148  11:06  SCV, Hellion, Supply Depot  
  148  11:07  Supply Depot  
  148  11:09  Cyclone  
  154  11:14  SCV  
  155  11:25  Hellion, Cyclone  
  155  11:26  Cyclone, Siege Tank, Liberator  
  155  11:28  Hellion  
  165  11:35  Command Center  
  165  11:37  Missile Turret  
  165  11:41  Factory Tech Lab x2  
  165  11:43  Factory Reactor  
  165  11:45  Cyclone  
  165  11:46  Hellion  
  160  11:50  Hellion  
  160  11:51  Viking  
  160  11:52  Viking  
  166  11:55  Missile Turret  
  160  12:04  Hellion, Siege Tank  
  160  12:06  Hellion, Cyclone  
  161  12:09  Hellion  
  163  12:18  Viking  
  163  12:21  Viking, Hellion, Cyclone  
  172  12:30  Hellion  
  172  12:31  Hellion, Siege Tank  
  172  12:35  Armory  
  172  12:36  Armory  
  179  12:45  Cyclone  
  179  12:46  Cyclone  
  183  12:52  Hellion  
  183  12:56  Hellion, Siege Tank  
  190  13:01  Hellion  
  190  13:03  Hellion  
  193  13:08  Supply Depot  
  193  13:14  Cyclone  
  193  13:19  Liberator  
  194  13:20  Liberator  
  194  13:22  Liberator  
  192  13:28  Hellion  
  192  13:29  Hellion  
  192  13:30  Cyclone  
  197  13:34  Terran Vehicle Weapons Level 1, Terran Vehicle And Ship Armor Level 1  
  197  13:43  Hellion  
  199  13:51  Refinery x2  
  182  13:57  Hellion, Cyclone  
  182  14:02  Viking  
  189  14:03  Viking  
  189  14:08  Hellion x4  
  178  14:27  Viking, Hellion x3  
  178  14:30  Starport  
  178  14:31  Hellion  
  188  14:32  Viking, Hellion, Cyclone, Starport  
  188  14:33  Viking, Planetary Fortress  
  188  14:36  Missile Turret  
  188  14:37  Missile Turret x2  
  197  14:51  Command Center  
  185  15:06  Hellion x2  
  169  15:08  Starport Reactor  
  169  15:11  Siege Tank  
  169  15:12  Hellion x2, Cyclone  
  163  15:15  Hellion  
  163  15:17  Hellion  
  163  15:18  Fusion Core  
  163  15:19  Viking  
  164  15:27  Viking  
  166  15:32  Hellion  
  166  15:33  Hellion x2  
  166  15:35  Viking x2  
  174  15:36  Hellion, Siege Tank  
  174  15:38  Siege Tank  
  171  15:43  Hellion, Siege Tank  
  167  15:50  Liberator x3  
  167  15:55  Hellion x2  
  180  15:59  Terran Vehicle Weapons Level 2  
  180  16:00  Terran Vehicle And Ship Armor Level 2  
  180  16:02  Hellion, Siege Tank  
  185  16:05  Refinery  
  185  16:06  Refinery, Siege Tank  
  182  16:15  Sensor Tower  
  182  16:16  Hellion, Siege Tank  
  185  16:18  Siege Tank  
  185  16:21  Advanced Ballistics  
  185  16:23  Siege Tank  
  187  16:26  Planetary Fortress  
  186  16:33  SCV  
  186  16:39  Siege Tank x2  
  193  16:48  Cyclone  
  193  16:50  Cyclone  
  191  16:55  Cyclone  
  176  17:06  Hellion  
  178  17:11  Siege Tank x2  
  178  17:14  Hellion  
  186  17:18  Starport Tech Lab  
  186  17:20  Siege Tank  
  186  17:22  Siege Tank  
  192  17:28  Siege Tank  
  194  17:45  Siege Tank  
  194  17:47  Hellion  
  192  18:00  Battlecruiser  
  195  18:06  Liberator  
  195  18:12  Hellion  
  200  18:22  Hellion  
  155  18:50  Hellion x4, Command Center, Siege Tank x3  
  155  18:51  Siege Tank  
  170  19:06  SCV  
  170  19:09  Battlecruiser x2  
  180  19:12  Hellion x2, Siege Tank  
  180  19:15  Hellion  
  189  19:22  Siege Tank  
  192  19:25  Hellion x2, Cyclone  
  185  19:34  Hellion, Cyclone  
  185  19:38  Hellion  
  180  19:56  Hellion  
Tags
 
Add a new tag
Caveats
  • Supply blocks, unpowered buildings, or Contaminate may cause inaccurate times.
  • Supply counts are checked every 10 seconds.